AoeStats
← BunkeroXcomm

Golden Pit

509993215Analyzed
1v1 RM · 4d ago on Sep 29, 2026· 30m 54s· 2 players
Game mode
Random Map
Map size
Tiny (2 player)
Population
200
Speed
Normal
Resources
Standard
Victory
Conquest
Starting age
Dark Age
Ending age
Imperial Age
RankedLock teamsTeams togetherTeam positionsShared explorationLock speedFull tech treeHidden civsTurbo modeCheats
Victory
Defeat
🇨🇴 Hindustanis · Colombia
1125
+16
🇺🇸 Italians · United States
1117
-16
sbr
0:28 Loom
9:52 Feudal Age
10:45 Double-Bit Axe
16:45 Horse Collar
17:22 Fletching
17:33 Padded Archer Armor
22:00 Wheelbarrow
27:12 Castle Age
27:04 Bloodlines
27:06 Forging
27:01 Scale Barding Armor
26:58 Stone Mining
26:58 Gold Mining
28:28 Crossbowman
30:03 Light Cavalry
BunkeroXcomm
6:44 Loom
10:15 Feudal Age
12:01 Double-Bit Axe
12:00 Horse Collar
13:16 Forging
14:38 Scale Barding Armor
15:28 Bloodlines
23:57 Castle Age
22:13 Gold Mining
22:14 Stone Mining
23:21 Padded Archer Armor
23:12 Fletching
24:29 Light Cavalry
26:17 Leather Archer Armor
28:25 Elite Skirmisher
Connection lost

Rejoining the realm…

Still unreachable

The connection could not be restored.

Session expired

The server has moved on; the page needs a fresh start.